 Dungeon Crawl Stone Soup version 0.30-a0-222-ge547ba4400 (webtiles) character file.

Game seed: 779865634786872998

27409 Ijustatesigmund the Fighter (level 13, -5/88 HPs)
             Began as a Gargoyle Fighter on Oct 8, 2022.
             Was an Elder of the Shining One.
             Shot with an arrow by a centaur (8 damage)
             ... led by a centaur warrior
             ... on level 14 of the Dungeon.
             The game lasted 00:25:56 (16019 turns).

Ijustatesigmund the Fighter (Gargoyle Fighter)     Turns: 16019, Time: 00:25:56

Health: -5/88      AC: 26    Str: 26    XL:     13   Next: 32%
Magic:  19/19      EV:  8    Int: 16    God:    the Shining One [****..]
Gold:   691        SH: 32    Dex:  9    Spells: 12/12 levels left

rFire   . . .      SeeInvis .    a - +3 flail
rCold   + . .      Faith    .    p - +2 tower shield
rNeg    + + +      Spirit   .    b - +2 leather armour of Free Expression {rN++ Str+4}
rPois   ∞          Reflect  +    B - +0 helmet
rElec   +          Harm     .    u - +1 cloak
rCorr   .          Rampage  .    x - +0 pair of gloves
Will    +....                    m - +1 pair of boots
Stlth   +.........               f - amulet "Qyc Mast" {Reflect rPois rC+ Int+4 SH+5}
HPRegen 0.34/turn                o - ring of willpower
MPRegen 0.16/turn                G - +4 ring of protection

@: divinely shielded, glowing
A: sickness immunity, AC +9, negative energy resistance 1, electricity
resistance, torment resistance 1, petrification resistance
a: Renounce Religion, Divine Shield, Cleansing Flame


You were on level 14 of the Dungeon.
You worshipped the Shining One.
The Shining One was greatly pleased with you.
You visited 2 branches of the dungeon, and saw 15 of its levels.
You also visited: Ossuary.

You collected 915 gold pieces.
You spent 224 gold pieces at shops.

Inventory:

Hand Weapons
 a - a +3 flail (weapon)
Missiles
 I - a throwing net (quivered)
Armour
 b - the +2 leather armour of Free Expression (worn) {rN++ Str+4}
   (You found it on level 2 of the Dungeon)

   Str:       It affects your strength (+4).
   rN:        It greatly protects you from negative energy.
 c - a +0 buckler
 m - a +1 pair of boots (worn)
 p - a +2 tower shield (worn)
 u - a +1 cloak (worn)
 x - a +0 pair of gloves (worn)
 B - a +0 helmet (worn)
Jewellery
 f - the amulet "Qyc Mast" (around neck) {Reflect rPois rC+ Int+4 SH+5}
   (You acquired it on level 4 of the Dungeon)

   [amulet of reflection]

   It reflects blocked missile attacks.
   Int:       It affects your intelligence (+4).
   rC:        It protects you from cold.
   rPois:     It protects you from poison.
   SH:        It affects your SH (+5).
 h - an amulet of magic regeneration
 j - an amulet of regeneration
 l - the ring of Sifol {Fire *Slow Will+ Dex+8}
   (You found it on level 8 of the Dungeon)

   [ring of fire]

   It enhances your fire magic.
   Dex:       It affects your dexterity (+8).
   rF:        It protects you from fire.
   rC:        It makes you vulnerable to cold.
   *Slow:     It may slow you when you take damage.
   Will:      It increases your willpower.
 o - a ring of willpower (left hand)
 A - a ring of protection from fire
 D - a ring of protection from cold
 G - a +4 ring of protection (right hand)
 K - an amulet of the acrobat
 L - a ring of flight
 M - a +6 ring of dexterity
Wands
 t - a wand of polymorph (4)
 v - a wand of flame (45)
 y - a wand of mindburst (19)
 H - a wand of roots (1)
Scrolls
 i - 9 scrolls of teleportation
 n - a scroll of silence
 r - 3 scrolls of amnesia
 s - 3 scrolls of immolation
 E - a scroll of blinking
 N - 3 scrolls of identify
 P - a scroll of enchant armour
Potions
 d - a potion of might
 e - a potion of mutation
 g - 2 potions of berserk rage
 k - 3 potions of curing
 q - 2 potions of brilliance
 z - 2 potions of attraction
 C - 3 potions of lignification
 F - a potion of flight
 J - 2 potions of ambrosia


   Skills:
 + Level 13.1 Fighting
 + Level 11.8 Maces & Flails
 - Level 7.3 Armour
 + Level 11.0 Shields
 + Level 8.9 Invocations
 + Level 5.7 Evocations


You had 12 spell levels left.
You didn't know any spells.
Your spell library contained the following spells:

 Spells                   Type           Power      Damage    Failure   Level
 Apportation              Tloc           0%         N/A       83%         1
 Slow                     Hex            0%         N/A       83%         1
 Summon Small Mammal      Summ           0%         N/A       83%         1
 Scorch                   Fire           0%         2d5       93%         2
 Wereblood                Tmut           0%         N/A       93%         2
 Call Canine Familiar     Summ           0%         N/A       99%         3
 Summon Guardian Golem    Hex/Summ       0%         N/A       99%         3
 Vhi's Electric Charge    Tloc/Air       0%         N/A       99%         3
 Animate Armour           Summ/Erth      0%         N/A       100%        4
 Flame Wave               Conj/Fire      0%         2d4       100%        4
 Passage of Golubria      Tloc           0%         N/A       100%        4
 Alistair's Intoxication  Tmut/Pois      0%         N/A       100%        5
 Blade Hands              Tmut           0%         N/A       100%        5
 Silence                  Hex/Air        0%         N/A       100%        5
 Yara's Violent Unravell  Hex/Tmut       0%         3d3       100%        5
 Eringya's Noxious Bog    Tmut/Pois      0%         N/A       100%        6
 Iron Shot                Conj/Erth      0%         9d1       100%        6
 Summon Cactus Giant      Summ           0%         N/A       100%        6
 Summon Hydra             Summ           0%         N/A       100%        7
 Lehudib's Crystal Spear  Conj/Erth      0%         10d2      100%        8
 Sublimation of Blood     Necr           Unusable   N/A       N/A         2

Dungeon Overview and Level Annotations

Branches:
Dungeon (14/15)            Temple (1/1) D:4            Lair (0/5) D:11
    Orc (0/2) D:11         Vaults (0/5) D:13        Ossuary (visited)

Altars:
Ashenzari
Cheibriados
Dithmenos
Elyvilon
Fedhas
Gozag
Hepliaklqana
Kikubaaqudgha
Makhleb
Nemelex Xobeh
Okawaru
Qazlal
Ru
Sif Muna
Trog
Uskayaw
Vehumet
Wu Jian
Xom
Yredelemnul
Zin
The Shining One

Shops:
D:10 *   D:12 !   D:14 :(

Portals:
Gauntlet: D:14


Innate Abilities, Weirdness & Mutations

You are immune to sickness and miasma.
Your stone body is resilient. (AC +9)
You are immune to poison.
You resist negative energy. (rN+)
You are resistant to electric shocks. (rElec)
You are resistant to unholy torment.
You are immune to petrification.


Message History

You kill the boulder beetle!
The centaur warrior shoots an arrow.
You reflect the arrow off an invisible shield around you!
The arrow hits the centaur warrior!
The centaur warrior shoots an arrow.
The arrow hits you!
* * * LOW HITPOINT WARNING * * *
The centaur warrior shoots an arrow.
You reflect the arrow off an invisible shield around you!
The arrow hits the centaur warrior!
You kill the centaur warrior!
The centaur shoots an arrow.
You reflect the arrow off an invisible shield around you!
The arrow hits the centaur!
You kill the centaur!
The centaur shoots an arrow.
The arrow closely misses you.
Okay, then.
Aiming: Mindburst
Press: ? - help, Shift-Dir - straight line, f - centaur
Aim: a centaur, wielding a +0 shortbow (heavily wounded, chance to affect: 83%)
The centaur's mind is blasted!!
You blow up the centaur!
The centaur shoots an arrow.
You reflect the arrow off an invisible shield around you!
The arrow hits the centaur!
The centaur shoots an arrow.
The arrow hits you.
* * * LOW HITPOINT WARNING * * *
Unknown command.
Blink to where?
Press: ? - help, Dir - move target, f - you
Okay, then.
Okay, then.
You feel better.
The centaur warrior shoots an arrow.
The arrow hits you!
* * * LOW HITPOINT WARNING * * *
The centaur shoots an arrow.
You reflect the arrow off an invisible shield around you!
The arrow hits the centaur.
The centaur warrior shoots an arrow.
You reflect the arrow off an invisible shield around you!
The arrow hits the centaur warrior!
Found a gate leading to a gauntlet.
The centaur shoots an arrow.
The arrow hits you!
You die...

#..#,.##,**,*,*
#○c#c#.#.#,**,*
#.○#).....***,*
#.†.).....,,*,*
##.#).####*,*,*
#○#..# *,*,* ***
#§#..#####.*,*****,,
#§#........,,,,,,,,,
#☼○@.......,,*,*****
####.#####.***,,,,*
*.#* *,***,**,*
*..****,**,*,*,**
*.∩.,,,,,,***,,,,
*###.*****,*,**,*
*.# **,***,* *,#
*,**,,, *,* *,*,,,,


You could see a centaur.

Vanquished Creatures
  Josephine (D:13)
  A vault guard (D:13)
  A two-headed ogre (D:11)
  Erica (D:11)
  4 centaur warriors
  2 boulder beetles
  The ghost of Nattfarinn the Geomancer, a journeyman GrVM of Vehumet (D:8)
  A wizard (D:13)
  Pikel (D:6)
  2 necromancers (D:13)
  2 ugly things (D:12)
  2 cyclopes
  A salamander (shapeshifter) (D:13)
  A manticore (D:12)
  An elephant (D:11)
  A cane toad (shapeshifter) (D:13)
  A komodo dragon (D:11)
  2 unseen horrors (D:13)
  A freezing wraith (D:14)
  3 trolls
  A spriggan (shapeshifter) (D:12)
  5 wraiths
  2 shadows
  2 wyverns
  3 vampires
  A basilisk (D:11)
  19 humans (D:13)
  12 yaks
  11 vampire mosquitoes
  5 water moccasins
  5 orc warriors
  5 ice beasts (D:8)
  2 sky beasts
  A black bear (D:11)
  3 ogres
  16 centaurs
  A lemure (D:6)
  2 kobold brigands
  2 bullfrogs (D:6)
  Blork the orc (D:4)
  A gnoll sergeant (D:7)
  A hornet simulacrum (D:8)
  33 killer bees
  An oklob sapling (D:4)
  3 howler monkeys (D:9)
  4 centaur zombies (Ossuary)
  7 orc priests
  Crazy Yiuf (D:6)
  6 hounds
  3 jellies
  A gnoll bouda (D:6)
  5 iguanas
  14 orc wizards
  A centaur simulacrum (D:8)
  5 mummies (Ossuary)
  14 gnolls
  5 adders
  2 shadow imps
  4 white imps
  2 ufetubi
  2 worms (D:4)
  6 dart slugs
  34 orcs
  6 ball pythons
  5 bats
  7 endoplasms
  A giant cockroach (D:3)
  10 goblins
  6 hobgoblins
  8 jackals
  12 kobolds
  3 quokkas
  4 frilled lizards
  2 hobgoblin zombies (Ossuary)
  9 rats
  A spectral hobgoblin (D:7)
358 creatures vanquished.

Vanquished Creatures (others)
  2 fungi
  12 plants (D:4)
14 creatures vanquished.

Grand Total: 372 creatures vanquished

Notes
Turn   | Place    | Note
-------+----------+-------------------------------------------
     0 | D:1      | Ijustatesigmund the Gargoyle Fighter began the quest for
                  | the Orb.
     0 | D:1      | Reached XP level 1. HP: 14/14 MP: 1/1
   282 | D:1      | Reached XP level 2. HP: 19/19 MP: 2/2
   563 | D:1      | Reached XP level 3. HP: 23/24 MP: 3/3
   584 | D:1      | Reached skill level 4 in Fighting
   952 | D:2      | Found a faded altar of an unknown god.
   957 | D:2      | Got Plato's Writings on Spellbinding
  1030 | D:2      | Identified the +2 leather armour of Free Expression {rN++
                  | Str+4}
  1206 | D:2      | Found a shimmering blue altar of Sif Muna.
  1290 | D:2      | Got the Octavo of Unstable Vapour
  1384 | D:2      | Reached XP level 4. HP: 30/30 MP: 4/4
  1657 | D:3      | Found a shadowy altar of Dithmenos.
  1914 | D:3      | Reached XP level 5. HP: 24/34 MP: 5/5
  2021 | D:3      | Found a sparkling altar of Nemelex Xobeh.
  2080 | D:3      | Found a blossoming altar of Fedhas.
  2124 | D:3      | Found a shimmering blue altar of Sif Muna.
  2124 | D:3      | Found a sacrificial altar of Ru.
  2306 | D:3      | Reached skill level 5 in Fighting
  2578 | D:4      | Identified a scroll of acquirement
  2578 | D:4      | Acquired the amulet "Qyc Mast" {Reflect rPois rC+ Int+4
                  | SH+5}
  2679 | D:4      | Found a sand-covered staircase.
  2683 | Ossuary  | Entered an ossuary
  2727 | Ossuary  | Reached XP level 6. HP: 36/40 MP: 6/6
  2746 | Ossuary  | Reached skill level 6 in Fighting
  2872 | D:4      | Reached skill level 5 in Maces & Flails
  2892 | D:4      | Found a staircase to the Ecumenical Temple.
  2968 | D:4      | Found a white marble altar of Elyvilon.
  3150 | D:4      | Noticed Blork the orc
  3159 | D:4      | Killed Blork the orc
  3160 | D:4      | Reached XP level 7. HP: 29/47 MP: 7/7
  3743 | D:5      | Entered Level 5 of the Dungeon
  4060 | D:5      | Reached skill level 7 in Fighting
  4915 | D:5      | Reached XP level 8. HP: 39/53 MP: 8/8
  5440 | D:6      | Found an ancient bone altar of Kikubaaqudgha.
  5899 | D:6      | Noticed Pikel
  5933 | D:6      | Killed Pikel
  5934 | D:6      | Reached skill level 8 in Fighting
  5934 | D:6      | Reached skill level 5 in Armour
  5984 | D:6      | Reached XP level 9. HP: 60/60 MP: 9/9
  6297 | D:6      | Reached skill level 9 in Fighting
  6540 | D:6      | Found a runed translucent door.
  6541 | D:6      | Noticed Crazy Yiuf
  6546 | D:6      | Killed Crazy Yiuf
  7325 | D:7      | Found a hazy altar of Hepliaklqana.
  7762 | D:7      | Found an iron altar of Okawaru.
  8055 | Temple   | Entered the Ecumenical Temple
  8200 | Temple   | Became a worshipper of the Shining One
  8321 | D:8      | Found a runed translucent gate.
  8321 | D:8      | Found a runed translucent gate.
  8321 | D:8      | Found a runed translucent gate.
  8398 | D:8      | Reached skill level 1 in Invocations
  8422 | D:8      | Noticed Nattfarinn's ghost (journeyman GrVM)
  8475 | D:8      | Reached skill level 10 in Fighting
  8475 | D:8      | Reached XP level 10. HP: 68/68 MP: 11/11
  8501 | D:8      | Found a shimmering altar of Xom.
  8582 | D:8      | Found a radiant altar of Vehumet.
  8660 | D:8      | Found a basalt altar of Yredelemnul.
  8795 | D:8      | Found a snail-covered altar of Cheibriados.
  9013 | D:8      | Killed Nattfarinn's ghost
  9014 | D:8      | Reached skill level 5 in Shields
  9184 | D:8      | Got the ring of Sifol {Fire *Slow Will+ Dex+8}
  9211 | D:9      | Reached * piety under the Shining One
 10429 | D:9      | Reached XP level 11. HP: 73/73 MP: 14/14
 11090 | D:10     | Entered Level 10 of the Dungeon
 11098 | D:10     | Reached skill level 11 in Fighting
 11173 | D:10     | Found Hazuho's Demolitions Depot.
 11246 | D:10     | Found a faded altar of an unknown god.
 11300 | D:10     | Reached skill level 5 in Invocations
 11477 | D:10     | Reached ** piety under the Shining One
 11523 | D:10     | Reached skill level 10 in Maces & Flails
 11778 | D:10     | Found a stormy altar of Qazlal.
 11977 | D:10     | Bought a wand of mindburst (6) for 134 gold pieces
 12139 | D:11     | Noticed a two-headed ogre
 12158 | D:11     | Killed a two-headed ogre
 12280 | D:11     | Found a staircase to the Orcish Mines.
 12341 | D:11     | Reached skill level 1 in Evocations
 12563 | D:11     | Found a staircase to the Lair.
 12686 | D:11     | Noticed a cyclops
 12694 | D:11     | Killed a cyclops
 13443 | D:11     | Noticed Erica
 13468 | D:11     | Killed Erica
 13469 | D:11     | Reached XP level 12. HP: 38/81 MP: 16/16
 13945 | D:12     | Reached skill level 12 in Fighting
 14116 | D:12     | Found Gyepeab's Distillery.
 14125 | D:12     | Bought a potion of heal wounds for 90 gold pieces
 14638 | D:13     | Noticed a centaur warrior
 14648 | D:13     | Killed a centaur warrior
 14723 | D:13     | Reached *** piety under the Shining One
 14737 | D:13     | Reached skill level 10 in Shields
 14789 | D:13     | Noticed a boulder beetle
 14831 | D:13     | Killed a boulder beetle
 15017 | D:13     | Noticed Josephine
 15033 | D:13     | Killed Josephine
 15342 | D:13     | Reached skill level 5 in Evocations
 15567 | D:13     | Found a gate to the Vaults.
 15567 | D:13     | Noticed a vault guard
 15567 | D:13     | Reached **** piety under the Shining One
 15591 | D:13     | Killed a vault guard
 15592 | D:13     | Reached XP level 13. HP: 79/87 MP: 19/19
 15926 | D:14     | Found Vedyewnekk's Weapon Shoppe.
 15939 | D:14     | Found Qeackeun's Vocational Training.
 15943 | D:14     | Reached skill level 13 in Fighting
 15991 | D:14     | HP: 3/88 [centaur warrior/arrow (14)]
 16018 | D:14     | HP: 3/88 [centaur warrior/arrow (12)]
 16019 | D:14     | Found a gate leading to a gauntlet.
 16019 | D:14     | Shot with an arrow by a centaur

Illustrated notes

Levels and vault maps discovered:
D:1:      minmay_arrival_glassed_features, layout_basic
D:2:      layout_basic, basic_altar, shapermc_ecumenical_altar_rom_forum,
          due_unseen_surprise
D:3:      kb_forest_paths, layout_loops_ring, nicolae_overflow_hidden_temple,
          gammafunk_temple_overflow_elements, lemuel_tele_altar,
          grunt_dithmenos_smoke_and_mirrors, st_stairs_5
D:4:      layout_rooms, elyvilon_altar_3, minmay_temple_entry_oklob,
          nicolae_ossuary_entry_plus, uniq_blork_the_orc
D:5:      layout_loops_ring
D:6:      layout_basic, kiku_gazebo_garden_becter, uniq_crazy_yiuf_cottage,
          uniq_pikel
D:7:      layout_cave_pools, nicolae_hepliaklqana_monster_ancestors,
          mainiacjoe_overflow_alcove_4, serial_rivers,
          chequers_serial_rivers_small_3, chequers_serial_rivers_small_a,
          chequers_serial_rivers_large_a, chequers_serial_rivers_room_b,
          chequers_serial_rivers_large_b
D:8:      layout_rooms, amcnicky_altar_gilded, vehumet_altar_wand_db,
          mainiacjoe_overflow_six_doors_small, kennysheep_mini,
          gammafunk_ghost_icy
D:9:      layout_layer_cave
D:10:     layout_cave_pods, overflow_temple_1_default, serial_column_ruins,
          column_ruins_temple_hall, column_ruins_columns_straight,
          column_ruins_columns_straight, column_ruins_columns_corner,
          column_ruins_open_tiny, nicolae_blasting_shop,
          hangedman_decor_opposing, kennysheep_generic_room_3
D:11:     layout_grid_maze, david_lair_generic, david_orc_3, uniq_erica
D:12:     layout_irregular_city, nicolae_stop_n_shop_2
D:13:     layout_long_grid, grunt_vaults_entry_tiered,
          chequers_decorated_corner, uniq_josephine
D:14:     layout_loops_ring, gauntlet_entry_generic, chequers_mini_garden,
          serial_shops, nicolae_shop_bloodbath_and_beyond,
          nicolae_shop_vocational, uniq_louise, uniq_frances
Temple:   nicolae_temple_two_arcs

Skill      XL: |  1  2  3  4  5  6  7  8  9 10 11 12 13 |
---------------+----------------------------------------+-----
Fighting       | 4 5 6 7 8 10 11 12 13 | 13.1
Maces & Flails | 3 4 5 6 7 8 9 10 11 | 11.8
Armour         | 5 7 |  7.3
Invocations    | 1 4 6 8 |  8.9
Shields        | 4 7 9 10 11 | 11.0
Evocations     | 2 5 |  5.7

Action                   |  1- 3 |  4- 6 |  7- 9 | 10-12 | 13-15 || total
-------------------------+-------+-------+-------+-------+-------++-------
Melee: Flail             |   107 |   176 |   488 |   815 |    58 ||  1644
Invok: Divine Shield     |       |       |       |     4 |     1 ||     5
       Cleansing Flame   |       |       |       |       |     1 ||     1
Evoke: Wand              |       |       |     2 |       |     2 ||     4
  Use: Scroll            |     3 |    11 |    12 |     5 |     5 ||    36
       Potion            |       |     3 |     3 |     4 |     3 ||    13
 Stab: Held in net/web   |     1 |       |       |       |       ||     1
       Invisible         |       |     4 |       |       |       ||     4
Armor: Scale mail        |    60 |       |       |       |       ||    60
       Leather armour    |     5 |   123 |   286 |   508 |    60 ||   982
Dodge: Dodged            |    59 |   143 |   249 |   288 |    34 ||   773
Block: Buckler           |    29 |    60 |   248 |       |       ||   337
       Tower shield      |       |       |    90 |  1340 |   160 ||  1590
       Reflection        |       |       |     4 |    25 |    35 ||    64
       Other             |       |       |     1 |       |       ||     1

Table legend: (Time is in decaauts)
 A = Elapsed time spent in this place.
 B = Non-inter-level travel time spent in this place.
 C = Inter-level travel time spent in this place.
 D = Time resting spent in this place.
 E = Time spent auto-exploring this place.
 F = Levels seen in this place.
 G = Mean time per level.
                   A        B        C        D        E       F      G
               +--------+--------+--------+--------+--------+-----+--------+
         Total |  16338 |  15698 |    640 |   2840 |   9611 |  16 | 1021.1 |
       Dungeon |  16020 |  15389 |    631 |   2832 |   9423 |  14 | 1144.3 |
        Temple |    147 |    139 |      8 |      0 |     99 |   1 |  147.0 |
       Ossuary |    171 |    171 |      0 |      8 |     88 |   1 |  171.0 |
               +--------+--------+--------+--------+--------+-----+--------+

Top non-repeatable levels by time:
     D:9: 1811 daAuts
    D:11: 1716 daAuts
     D:6: 1688 daAuts
     D:5: 1548 daAuts
    D:13: 1322 daAuts
     D:7: 1149 daAuts
     D:8: 1080 daAuts
     D:4: 1077 daAuts
     D:3: 1077 daAuts
    D:10: 1057 daAuts
     D:1: 909 daAuts
    D:12: 838 daAuts
     D:2: 643 daAuts
 Ossuary: 171 daAuts
  Temple: 147 daAuts
